 Dungeon Sprint DCSS version 0.30.0-19-g36f170ea60 (webtiles) character file.

Game seed: 12620392402205514347

13000000 Groucho the Intangible (level 27, -155/228 HPs)
             Began as a Djinni Warper on May 27, 2023.
             Was the Champion of Makhleb.
             Annihilated by a fleshlord
             ... wielding a +9 great mace
              (274 damage)
             ... in the Dungeon (Sprint VIII: "Arena of Blood").
             The game lasted 00:05:22 (130 turns).

Groucho the Intangible (Djinni Warper)               Turns: 130, Time: 00:05:23

Health: -155/228   AC:  6    Str: 10    XL:     27
Gold:   0          EV: 30    Int: 23    God:    Makhleb [******] SH:  0 Dex: 19

rFire   + + .        i - +∞ Axe of Woe
rCold   x . .        (shield currently unavailable)
rNeg    . . .        b - +0 leather armour
rPois   ∞            (no helmet)
rElec   .            (no cloak)
rCorr   .            (no gloves)
SInv    +            (boots unavailable)
Will    ++...        (no amulet)
Stlth   ++++++++++   g - ring of see invisible
HPRegen 0.58/turn    (no ring)
MPRegen 0.00/turn

%: no teleportation, infuse magic (-156 HP)
@: flying, slowed, very slow
A: sickness immunity, fire resistance 2, cold vulnerability 1, float, innate
caster, HP casting, extra vitality 1
a: Renounce Religion, Minor Destruction, Lesser Servant of Makhleb, Major
Destruction, Greater Servant of Makhleb


You were in the Dungeon.
You worshipped Makhleb.
Makhleb was exalted by your worship.
You visited 1 branch

Inventory:

Hand Weapons
 a - a +0 hand axe
 i - the +∞ Axe of Woe (weapon)
   (You found it in the Dungeon)
 q - a +9 giant spiked club
Missiles
 d - 7 boomerangs of dispersal
Armour
 b - a +0 leather armour (worn)
Jewellery
 g - a ring of see invisible (left hand)
 j - a +30 ring of slaying
 k - a +200 ring of slaying
 l - a +200 ring of slaying
 m - a +200 ring of slaying
 n - a +130 ring of slaying
 o - a +200 ring of slaying
 p - a +100 ring of slaying
Scrolls
 c - 2 scrolls of blinking
Potions
 e - a potion of curing
 f - a potion of heal wounds
 h - a potion of berserk rage


   Skills:
 O Level 27 Fighting
 O Level 27 Short Blades
 O Level 27 Long Blades
 O Level 27 Axes
 O Level 27 Maces & Flails
 O Level 27 Polearms
 O Level 27 Staves
 O Level 27 Ranged Weapons
 O Level 27 Throwing
 O Level 27 Armour
 O Level 27 Dodging
 O Level 27 Stealth
 O Level 27 Shields
 O Level 27 Unarmed Combat
 O Level 27 Spellcasting
 O Level 27 Invocations
 O Level 27 Evocations


You knew the following spells:

 Your Spells              Type           Power      Damage    Failure   Level
a - Blink                 Tloc           100%       N/A       0%          2
b - Lesser Beckoning      Tloc           100%       N/A       0%          2
c - Vhi's Electric Charg  Tloc/Air       100%       N/A       0%          3
d - Teleport Other        Tloc           100%       N/A       0%          3
e - Manifold Assault      Tloc           100%       N/A       0%          4
f - Slow                  Hex            100%       N/A       0%          1
g - Momentum Strike       Conj/Tloc      100%       3d10      0%          2
h - Passwall              Tmut/Erth      84%        N/A       0%          2
i - Petrify               Tmut/Erth      100%       N/A       0%          4
j - Ice Form              Ice/Tmut       100%       N/A       0%          4
k - Agony                 Necr           100%       N/A       0%          5
l - Statue Form           Tmut/Erth      67%        N/A       0%          6
m - Storm Form            Tmut/Air       50%        N/A       0%          7
n - Orb of Destruction    Conj           50%        9d13      0%          7
o - Enfeeble              Hex            50%        N/A       0%          7
p - Maxwell's Capacitive  Air            50%        ∞         1%          8
q - Infestation           Necr           50%        N/A       1%          8
r - Chain Lightning       Conj/Air       50%        3d67      1%          9
Your spell library was empty.

Dungeon Overview and Level Annotations

Branches:
Dungeon (1/1)

Altars:
Makhleb


Innate Abilities, Weirdness & Mutations

You are immune to sickness and miasma.
You are immune to poison.
Your flesh is very heat resistant. (rF++)
You are vulnerable to cold. (rC-)
You float through the air rather than walking.
You learn spells naturally, not from books.
Your magical power is your life essence.
You have superior vitality. (+4 MHP)


Message History

You kill the fleshlord!
Makhleb accepts your kill.
You feel better.
The sculptor of flesh appears out of thin air!
A sculptor of flesh comes into view. It is wielding a +9 great sword.
A meat berserker comes into view. It is wielding a +9 battleaxe.
You hear a shout! x5
The large bag of meat is engulfed in blazing flames.
A destroyer comes into view. It is wielding a +9 heavy great sword.
You hear a shout! x2
A wretched soul comes into view.
You hear a shout!
A meat beast comes into view.
Unknown command.
Unknown command.
The destroyer shouts!
You hit the large bag of meat but do no damage.
You slaughter the large bag of meat joyfully.
Makhleb accepts your kill.
You feel better.
You slice the dread!!
You hew the dread savagely.
You destroy the dread!
Makhleb accepts your kill.
The large bag of meat explodes!
The fiery explosion engulfs the meat beast!
The fiery explosion engulfs the bag of meat!!!
The fiery explosion engulfs you! You resist.
The fiery explosion engulfs the tyrant!!
You are engulfed in blazing flames.
You resist.
You hear a shout!
The meat beast is engulfed in blazing flames.
A bag of meat comes into view. It is wielding a +9 war axe.
The destroyer gestures at you while chanting.
The destroyer blinks!
The bag of meat is engulfed in blazing flames.
A meat berserker comes into view. It is wielding a +9 battleaxe.
The meat beast bites you!! The meat beast completely misses you.
You hear a shout! x2
The fleshlord hits you with a +9 great mace!!!!!
Ouch! That really hurt!
You die...

........###)..)..
#§o.))..._).O..
))))).#.....# ..
..§)))o#_.<)_#...
...#.)...)z#).)p.#)..
.....#..OOWo.)_.).).).
.....)..o)§oL###).....
.......)###2oV.)))###..
.)).......#@§..)..#.. .
)..))..†.)#)p.....#).
#)))....))))..)))).)
#)#...).).))..)..))
#...))).p...)....)
#W#)...)).).....)##.
#.#S.)).#...W.)).#...
.)...).....).))..#...
#.....†.##.#......)...


You could see a meat beast (fast), a tyrant, a destroyer, 2 fleshlords, a
sculptor of flesh, a large bag of meat (inner flame), a meat berserker
(berserk), 2 wretched souls and 5 bags of meat.

Vanquished Creatures
  4 hell knights (D)
  4 hell beasts (D)
  10 royal mummies (D)
  2 great orbs of eyes (D)
  9 wraiths (D)
  Harold (D)
  14 vampire knights (D)
  40 ogres (D)
  9 two-headed ogres (D)
  5 liches (D)
  4 hydras (D)
  6 phantoms (D)
  69 orcs (D)
  8 skeletal warriors (D)
  4 sea snakes (D)
189 creatures vanquished.

Notes
Turn   | Place    | Note
-------+----------+-------------------------------------------
     0 | D        | Found the +∞ Axe of Woe
     0 | D        | Groucho the Djinni Warper began the quest for the Orb.
     0 | D        | Groucho set off with the following spells memorised: Blink,
                  | Lesser Beckoning, Vhi's Electric Charge, Teleport Other,
                  | Manifold Assault.
     0 | D        | Reached XP level 1. HP: 18/18 MP: 0/0
     1 | D        | Noticed a meat berserker
     2 | D        | Noticed a bag of meat
     2 | D        | Noticed a bag of meat
     3 | D        | Noticed a bag of meat
     3 | D        | Noticed a bag of meat
     4 | D        | Became a worshipper of Makhleb the Destroyer
     5 | D        | Killed a meat berserker
     5 | D        | Noticed a bag of meat
     5 | D        | Noticed a bag of meat
     6 | D        | Reached XP level 2. HP: 23/23 MP: 0/0
     6 | D        | Reached XP level 3. HP: 28/28 MP: 0/0
     6 | D        | Learned a level 1 spell: Slow
     6 | D        | Reached XP level 4. HP: 33/33 MP: 0/0
     6 | D        | Reached XP level 5. HP: 38/38 MP: 0/0
     6 | D        | Learned a level 2 spell: Momentum Strike
     6 | D        | Reached XP level 6. HP: 43/43 MP: 0/0
     6 | D        | Reached XP level 7. HP: 49/49 MP: 0/0
     6 | D        | Learned a level 2 spell: Passwall
     6 | D        | Reached XP level 8. HP: 54/54 MP: 0/0
     6 | D        | Reached XP level 9. HP: 58/58 MP: 0/0
     6 | D        | Learned a level 4 spell: Petrify
     6 | D        | Reached XP level 10. HP: 64/64 MP: 0/0
     6 | D        | Reached XP level 11. HP: 68/68 MP: 0/0
     6 | D        | Learned a level 4 spell: Ice Form
     6 | D        | Reached XP level 12. HP: 74/74 MP: 0/0
     6 | D        | Noticed a meat berserker
     7 | D        | Killed a bag of meat
     7 | D        | Reached * piety under Makhleb
     7 | D        | Killed a bag of meat
     7 | D        | Killed a bag of meat
     7 | D        | Noticed a meat berserker
     8 | D        | Reached XP level 13. HP: 74/78 MP: 0/0
     8 | D        | Learned a level 5 spell: Agony
     8 | D        | Reached XP level 14. HP: 81/85 MP: 0/0
     8 | D        | Killed a bag of meat
     8 | D        | Reached ** piety under Makhleb
     8 | D        | Killed a meat berserker
     8 | D        | Killed a bag of meat
     9 | D        | Reached XP level 15. HP: 89/89 MP: 0/0
     9 | D        | Learned a level 6 spell: Statue Form
    11 | D        | Noticed a meat berserker
    12 | D        | Reached *** piety under Makhleb
    12 | D        | Killed a meat berserker
    13 | D        | Reached XP level 16. HP: 94/94 MP: 0/0
    13 | D        | Killed a meat berserker
    13 | D        | Reached **** piety under Makhleb
    13 | D        | Noticed a meat berserker
    14 | D        | Noticed a meat berserker
    14 | D        | Noticed a meat berserker
    15 | D        | Killed a meat berserker
    15 | D        | Killed a meat berserker
    15 | D        | Reached ***** piety under Makhleb
    16 | D        | Reached skill level 27 in Axes
    16 | D        | Reached skill level 27 in Dodging
    16 | D        | Reached skill level 27 in Spellcasting
    16 | D        | Reached XP level 17. HP: 99/99 MP: 0/0
    16 | D        | Learned a level 7 spell: Storm Form
    17 | D        | Reached skill level 5 in Stealth
    17 | D        | Reached XP level 18. HP: 116/116 MP: 0/0
    17 | D        | Noticed a large bag of meat
    17 | D        | Noticed a meat berserker
    18 | D        | Killed a meat berserker
    18 | D        | Noticed a destroyer
    19 | D        | Reached skill level 15 in Stealth
    19 | D        | Reached XP level 19. HP: 146/146 MP: 0/0
    19 | D        | Learned a level 7 spell: Orb of Destruction
    19 | D        | Killed a destroyer
    19 | D        | Noticed a meat berserker
    20 | D        | Killed a meat berserker
    20 | D        | Reached ****** piety under Makhleb
    20 | D        | Killed a large bag of meat
    20 | D        | Killed a meat berserker
    20 | D        | Noticed a meat berserker
    21 | D        | Reached XP level 20. HP: 173/173 MP: 0/0
    21 | D        | Noticed a meat berserker
    21 | D        | Noticed a destroyer
    22 | D        | Noticed a meat berserker
    22 | D        | Noticed a meat berserker
    22 | D        | Killed a meat berserker
    22 | D        | Killed a meat berserker
    23 | D        | Reached XP level 21. HP: 186/186 MP: 0/0
    23 | D        | Learned a level 7 spell: Enfeeble
    23 | D        | Killed a meat berserker
    23 | D        | Noticed a large bag of meat
    24 | D        | Reached skill level 27 in Fighting
    24 | D        | Reached skill level 27 in Armour
    24 | D        | Reached skill level 27 in Stealth
    24 | D        | Noticed a destroyer
    24 | D        | Noticed a destroyer
    24 | D        | Noticed a large bag of meat
    24 | D        | Noticed a large bag of meat
    25 | D        | Noticed a large bag of meat
    25 | D        | Killed a large bag of meat
    25 | D        | Killed a destroyer
    25 | D        | Killed a large bag of meat
    25 | D        | Noticed a large bag of meat
    26 | D        | Reached skill level 27 in Invocations
    26 | D        | Reached XP level 22. HP: 194/194 MP: 0/0
    26 | D        | Killed a destroyer
    26 | D        | Noticed a large bag of meat
    27 | D        | Killed a meat berserker
    28 | D        | Reached XP level 23. HP: 201/201 MP: 0/0
    28 | D        | Learned a level 8 spell: Maxwell's Capacitive Coupling
    28 | D        | Killed a large bag of meat
    28 | D        | Noticed The Servant
    28 | D        | Noticed a large bag of meat
    29 | D        | Reached skill level 27 in Unarmed Combat
    29 | D        | Reached skill level 27 in Evocations
    29 | D        | Reached skill level 5 in Short Blades
    29 | D        | Reached skill level 5 in Long Blades
    29 | D        | Reached skill level 5 in Ranged Weapons
    29 | D        | Reached skill level 5 in Throwing
    29 | D        | Killed a large bag of meat
    30 | D        | Killed a destroyer
    30 | D        | Killed The Servant
    30 | D        | Noticed a destroyer
    31 | D        | Reached skill level 15 in Ranged Weapons
    31 | D        | Reached skill level 15 in Throwing
    31 | D        | Reached XP level 24. HP: 104/208 MP: 0/0
    31 | D        | Killed a large bag of meat
    31 | D        | Noticed a destroyer
    32 | D        | Killed a large bag of meat
    33 | D        | Reached XP level 25. HP: 167/214 MP: 0/0
    33 | D        | Learned a level 8 spell: Infestation
    33 | D        | Killed a destroyer
    33 | D        | Killed a destroyer
    33 | D        | Killed a large bag of meat
    34 | D        | Noticed a destroyer
    37 | D        | Noticed a destroyer
    38 | D        | Reached XP level 26. HP: 221/221 MP: 0/0
    39 | D        | Killed a destroyer
    39 | D        | Noticed a destroyer
    40 | D        | Killed a destroyer
    41 | D        | Reached skill level 27 in Short Blades
    41 | D        | Reached skill level 27 in Long Blades
    41 | D        | Killed a destroyer
    42 | D        | Reached skill level 27 in Ranged Weapons
    42 | D        | Reached skill level 27 in Throwing
    42 | D        | Reached skill level 10 in Shields
    42 | D        | Noticed a destroyer
    43 | D        | Noticed a tyrant
    43 | D        | Noticed a destroyer
    44 | D        | Reached XP level 27. HP: 228/228 MP: 0/0
    44 | D        | Learned a level 9 spell: Chain Lightning
    44 | D        | Killed a tyrant
    44 | D        | Killed a destroyer
    44 | D        | Killed a destroyer
    44 | D        | Noticed a destroyer
    45 | D        | Killed a destroyer
    46 | D        | Noticed an accursed
    47 | D        | Noticed a tyrant
    49 | D        | Killed a tyrant
    49 | D        | Killed an accursed
    50 | D        | Reached skill level 27 in Shields
    50 | D        | Noticed an accursed
    50 | D        | Killed an accursed
    51 | D        | Reached skill level 27 in Staves
    52 | D        | Noticed an accursed
    52 | D        | Noticed an accursed
    52 | D        | Killed an accursed
    52 | D        | Killed an accursed
    53 | D        | Reached skill level 27 in Maces & Flails
    53 | D        | Reached skill level 27 in Polearms
    56 | D        | Noticed an accursed
    56 | D        | Killed an accursed
    69 | D        | Noticed a meat beast
    70 | D        | Killed a meat beast
    80 | D        | Noticed a meat beast
    80 | D        | Killed a meat beast
    84 | D        | Noticed a dread
    86 | D        | Killed a dread
    89 | D        | Noticed an accursed
    90 | D        | Killed an accursed
    91 | D        | Noticed an accursed
    91 | D        | Noticed a meat beast
    92 | D        | Killed a meat beast
    93 | D        | Killed an accursed
    97 | D        | Noticed a tyrant
    98 | D        | Killed a tyrant
    99 | D        | Noticed an accursed
   102 | D        | Noticed a tyrant
   103 | D        | Noticed a dread
   103 | D        | Killed an accursed
   103 | D        | Killed a dread
   103 | D        | Killed a tyrant
   103 | D        | Noticed a dread
   104 | D        | Noticed an accursed
   104 | D        | Noticed a meat beast
   105 | D        | Noticed an accursed
   105 | D        | Noticed a dread
   105 | D        | Noticed a tyrant
   106 | D        | Killed a meat beast
   106 | D        | Killed a tyrant
   106 | D        | Killed an accursed
   107 | D        | Killed a dread
   107 | D        | Noticed a dread
   108 | D        | Killed an accursed
   111 | D        | Killed a dread
   111 | D        | Killed a dread
   112 | D        | Noticed a dread
   114 | D        | Noticed a destroyer
   115 | D        | Noticed a fleshlord
   115 | D        | Noticed a large bag of meat
   116 | D        | Noticed a fleshlord
   116 | D        | Noticed a destroyer
   117 | D        | Noticed a dread
   119 | D        | Killed a fleshlord
   119 | D        | Noticed a dread
   120 | D        | Killed a dread
   120 | D        | Noticed a dread
   120 | D        | Noticed a fleshlord
   121 | D        | Killed a destroyer
   121 | D        | Noticed a fleshlord
   121 | D        | Noticed a fleshlord
   122 | D        | Noticed a large bag of meat
   123 | D        | Killed a destroyer
   124 | D        | Killed a fleshlord
   124 | D        | Noticed a tyrant
   124 | D        | Noticed an accursed
   126 | D        | Killed a dread
   126 | D        | Noticed a fleshlord
   127 | D        | Killed a fleshlord
   128 | D        | Killed a dread
   129 | D        | Killed a fleshlord
   129 | D        | Noticed a destroyer
   129 | D        | Noticed a meat beast
   130 | D        | Killed a large bag of meat
   130 | D        | Killed a dread
   130 | D        | Annihilated by a fleshlord

Illustrated notes

Levels and vault maps discovered:
D:        meatsprint

Skill      XL: |  1  2  3  4  5  6  7  8  9 10 11 12 13 14 15 16 17 18 19 20 21 22 23 24 25 26 27 |
---------------+----------------------------------------------------------------------------------+-----
Axes           | 17 21 24 25 27 | 27.0
Dodging        | 16 20 22 25 27 | 27.0
Spellcasting   | 12 14 16 20 27 | 27.0
Fighting       | 6 16 23 26 27 | 27.0
Armour         | 6 16 23 26 27 | 27.0
Stealth        | 5 15 22 24 27 | 27.0
Invocations    | 27 | 27.0
Unarmed Combat | 14 23 27 | 27.0
Evocations     | 14 23 27 | 27.0
Short Blades   | 16 19 25 27 | 27.0
Long Blades    | 16 19 25 27 | 27.0
Ranged Weapons | 15 18 23 27 | 27.0
Throwing       | 15 18 23 27 | 27.0
Maces & Flails | 13 27 | 27.0
Polearms       | 13 27 | 27.0
Staves         | 14 27 | 27.0
Shields        | 16 27 | 27.0

Action                     |  1- 3 |  4- 6 |  7- 9 | 10-12 | 13-15 | 16-18 | 19-21 | 22-24 | 25-27 || total
---------------------------+-------+-------+-------+-------+-------+-------+-------+-------+-------++-------
  Melee: Executioner's axe |     1 |       |       |     3 |     6 |    11 |    16 |    19 |   120 ||   176
   Cast: Manifold Assault  |       |       |       |     1 |     2 |     2 |     4 |     4 |    32 ||    45
    Use: Potion            |       |       |       |       |       |       |       |       |     1 ||     1
  Dodge: Dodged            |       |       |       |       |       |       |       |       |     3 ||     3
